 Dungeon Sprint DCSS version 0.19.3-4-gbf9329e (webtiles) character file.

1798 Kagutsuchi the Fighter (level 8, -2/85 HPs)
             Began as a Green Draconian Berserker on Jan 28, 2017.
             Was a High Priest of Trog.
             Slain by a tentacle (17 damage)
             ... attached to a kraken
             ... in the Dungeon (Sprint II: "The Violet Keep of Menkaure").
             The game lasted 00:06:55 (974 turns).

Kagutsuchi the Fighter (Green Draconian Berserker)   Turns: 974, Time: 00:06:55

Health: -2/85      AC:  6    Str: 20    XL:     8   Next: 83%
Magic:  8/8        EV: 18    Int:  8    God:    Trog [*****.]
Gold:   175        SH:  6    Dex: 12    Spells: 0 memorised, 7 levels left

rFire  . . .     SeeInvis .     a - +0 falchion
rCold  . . .     Gourm    .     (armour unavailable)
rNeg   + . .     Faith    .     (no shield)
rPois  +         Spirit   .     (helmet restricted)
rElec  .         Reflect  +     (no cloak)
rCorr  .         Harm     .     (no gloves)
MR     .....     NoTele   +     (no boots)
Stlth  ++........               j - +6 amulet of reflection
                                m - ring of positive energy
                                l - ring of stealth

@: no status effects
A: breathe noxious fumes, unfitting armour, poison resistance, cold-blooded, AC
+6
a: Breathe Noxious Fumes, Berserk, Trog's Hand, Brothers in Arms, Burn
Spellbooks, Renounce Religion


You were in the Dungeon.
You worshipped Trog.
Trog was extremely pleased with you.
You were not hungry.

You visited 1 branch You collected 1053 gold pieces.
You spent 878 gold pieces at shops.

Inventory:

Hand Weapons
 a - a +0 falchion (weapon)
 d - a +0 arbalest
 i - a +0 spear
 n - a +0 hand crossbow
Missiles
 o - 25 bolts
Jewellery
 j - a +6 amulet of reflection (around neck)
 l - a ring of stealth (left hand)
 m - a ring of positive energy (right hand)
Scrolls
 h - a scroll of blinking
Potions
 c - 4 potions of curing
 e - a potion of haste
 f - 2 potions of magic
 g - a potion of berserk rage
Comestibles
 b - a meat ration
 k - a bread ration


   Skills:
 + Level 12.6 Fighting
 + Level 12.1 Long Blades
 + Level 10.4 Dodging
 + Level 1.1 Stealth


You had 7 spell levels left.
You didn't know any spells.

Dungeon Overview and Level Annotations

Branches:
Dungeon (1/1)

Altars:
Cheibriados
Dithmenos
Elyvilon
Fedhas
Gozag
Hepliaklqana
Kikubaaqudgha
Makhleb
Nemelex Xobeh
Okawaru
Qazlal
Ru
Sif Muna
Trog
Uskayaw
Vehumet
Xom
Yredelemnul
Zin
The Shining One
Beogh
Jiyva
Lugonu

Shops:
D =:}*:([=?:!%:[!=

Annotations:
D exclusion: oklob plant, Roxanne


Innate Abilities, Weirdness & Mutations

You can breathe blasts of noxious fumes.
Your lurid green scales are hard. (AC +6)
You cannot fit into any form of body armour.
Your system is resistant to poisons. (rPois)
You are cold-blooded and may be slowed by cold attacks.


Message History

You enter the shallow water.
Moving in this stuff is going to be slow.
Found four items.
Found fourteen items.
Found a mace, a spear, 16 gold pieces, a crude hunting sling and a robe.
Found four items.
A kraken comes into view.
Tentacles burst out of the water!
A tentacle comes into view.
The tentacle slaps you! The tentacle slaps you!!
You open the door. The tentacle slaps you!!
* * * LOW HITPOINT WARNING * * *
The tentacle closely misses you. The crocodile bites you.
* * * LOW HITPOINT WARNING * * *
You feel better. The tentacle slaps you!!
* * * LOW HITPOINT WARNING * * *
You block the tentacle's attack. The crocodile bites you.
* * * LOW HITPOINT WARNING * * *
The tentacle slaps you!
You die...

+.### )▓%!)((![?▓▓ ...#
##▓?$(?(($(▓▓ .## #..#
.#▓[)!$!$)$▓▓ ..# +..#
.#▓!?($?))!▓▓ ..# #..#
.#▓$!$((?$)▓▓
..####..##.#▓!(?[[[?$▓▓
....###...##▓▓▓▓▓▓▓+▓▓▓▓+▓
......≈≈≈≈≈≈≈≈≈≈@w≈──wXw≈▓
≈§....≈#'########t###Vw≈≈▓
≈≈≈≈..≈#†...._._#≈≈≈## ≈≈▓
≈≈≈≈≈.§#...._._.#§§§≈## ▓
≈≈§§≈≈≈#..._._._#§≈≈§≈#
§≈§≈≈≈≈#.._._._.#§§t§t§#
≈≈≈≈≈§≈#._._._._#§§≈≈§≈+
§≈###§≈#_._._._.#§≈§§§≈#
≈≈# #≈≈#._._._..#§§§§§≈


You could see a kraken, 4 tentacles and 2 crocodiles.

Vanquished Creatures
  A siren (D)
  A polar bear (D)
  2 hippogriffs (D)
  4 necrophages (D)
  A crocodile (D)
  A scorpion (D)
  4 worker ants (D)
14 creatures vanquished.

Vanquished Creatures (collateral kills)
  A yaktaur (D)
  2 polar bears (D)
  A hornet (D)
4 creatures vanquished.

Vanquished Creatures (others)
  Menkaure (D)
  A crocodile (D)
2 creatures vanquished.

Grand Total: 20 creatures vanquished

Notes
Turn   | Place    | Note
-------+----------+-------------------------------------------
     0 | D        | Kagutsuchi the Draconian Berserker began the quest for the Orb.
     0 | D        | Reached XP level 1. HP: 19/19 MP: 1/1
     1 | D        | Noticed a hippogriff
     1 | D        | Noticed a hippogriff
     5 | D        | Killed a hippogriff
     5 | D        | Reached XP level 2. HP: 33/34 MP: 2/2
     5 | D        | Reached XP level 3. HP: 38/39 MP: 3/3
     5 | D        | Reached XP level 4. HP: 45/47 MP: 4/4
     5 | D        | Reached XP level 5. HP: 51/52 MP: 5/5
    14 | D        | Killed a hippogriff
    14 | D        | Reached XP level 6. HP: 23/63 MP: 6/6
    14 | D        | Killed Menkaure
   342 | D        | Reached ** piety under Trog
   345 | D        | Reached skill level 10 in Fighting
   345 | D        | Your scales start taking on a lurid green colour.
   345 | D        | Reached XP level 7. HP: 71/71 MP: 7/7
   345 | D        | Gained mutation: Your system is resistant to poisons. (rPois) [Green Draconian growth]
   348 | D        | Reached skill level 10 in Long Blades
   361 | D        | Reached *** piety under Trog
   417 | D        | Noticed a siren
   426 | D        | Killed a siren
   426 | D        | Reached XP level 8. HP: 65/80 MP: 8/8
   585 | D        | Reached **** piety under Trog
   627 | D        | Found Xiecerus's Antique Armour Emporium.
   627 | D        | Found Folizuch's Jewellery Emporium.
   627 | D        | Found Maol's Book Shoppe.
   627 | D        | Found Ytateduemu's Distillery.
   627 | D        | Found Qyuc's Food Emporium.
   628 | D        | Found Vischu's Book Shoppe.
   628 | D        | Found Kubahuil's Magic Scroll Emporium.
   628 | D        | Found Kathrayri's Jewellery Shoppe.
   629 | D        | Found Latz's Antique Armour Emporium.
   629 | D        | Found Xobo's Antique Weapon Shoppe.
   629 | D        | Found Qoosimua's Book Shoppe.
   630 | D        | Found Wikliman's Distillery.
   631 | D        | Found Dicwurel's Assorted Antiques.
   631 | D        | Found Lohar's Gadget Emporium.
   631 | D        | Noticed an oklob plant
   632 | D        | Noticed a death yak
   632 | D        | Found Laptira's Jewellery Shoppe.
   632 | D        | Found Ogisom's Book Shoppe.
   695 | D        | Bought a +6 amulet of reflection for 250 gold pieces
   725 | D        | Bought a meat ration for 50 gold pieces
   725 | D        | Bought a bread ration for 50 gold pieces
   745 | D        | Bought an uncursed ring of stealth for 175 gold pieces
   745 | D        | Bought an uncursed ring of positive energy for 200 gold pieces
   751 | D        | Bought a potion of curing for 30 gold pieces
   751 | D        | Bought a potion of curing for 30 gold pieces
   751 | D        | Bought a potion of curing for 30 gold pieces
   751 | D        | Bought a potion of curing for 30 gold pieces
   757 | D        | Bought a potion of curing for 33 gold pieces
   798 | D        | Noticed Roxanne
   811 | D        | Found a roughly hewn altar of Beogh.
   812 | D        | Found a snail-covered altar of Cheibriados.
   812 | D        | Found a hazy altar of Hepliaklqana.
   813 | D        | Found a shadowy altar of Dithmenos.
   813 | D        | Found a viscous altar of Jiyva.
   813 | D        | Found a stormy altar of Qazlal.
   814 | D        | Found a white marble altar of Elyvilon.
   814 | D        | Found an ancient bone altar of Kikubaaqudgha.
   814 | D        | Found a sacrificial altar of Ru.
   819 | D        | Found a blossoming altar of Fedhas.
   819 | D        | Found a corrupted altar of Lugonu.
   819 | D        | Found a deep blue altar of Sif Muna.
   820 | D        | Found an opulent altar of Gozag.
   820 | D        | Found a burning altar of Makhleb.
   820 | D        | Found a bloodstained altar of Trog.
   820 | D        | Found a basalt altar of Yredelemnul.
   822 | D        | Found a sparkling altar of Nemelex Xobeh.
   822 | D        | Found a hide-covered altar of Uskayaw.
   823 | D        | Found an iron altar of Okawaru.
   823 | D        | Found a radiant altar of Vehumet.
   823 | D        | Found a glowing golden altar of the Shining One.
   823 | D        | Found a glowing silver altar of Zin.
   823 | D        | Noticed a polar bear
   825 | D        | Noticed a polar bear
   826 | D        | Noticed a hornet
   827 | D        | Noticed a polar bear
   827 | D        | Found a shimmering altar of Xom.
   830 | D        | Noticed a yaktaur
   833 | D        | Killed a hornet
   834 | D        | Killed a yaktaur
   834 | D        | Reached skill level 10 in Dodging
   835 | D        | Killed a polar bear
   837 | D        | Killed a polar bear
   837 | D        | Reached skill level 1 in Stealth
   839 | D        | Killed a polar bear
   839 | D        | Reached ***** piety under Trog
   946 | D        | Noticed a flying skull
   968 | D        | Noticed a kraken
   974 | D        | Slain by a tentacle

Skill      XL: |  1  2  3  4  5  6  7  8 |
---------------+-------------------------+-----
Fighting       | 7 9 10 11 12 | 12.6
Long Blades    | 7 8 9 11 12 | 12.1
Dodging        | 6 7 8 9 10 | 10.4
Stealth        | 1 |  1.1

Action                   |  1- 3 |  4- 6 |  7- 9 || total
-------------------------+-------+-------+-------++-------
Melee: Falchion          |     3 |    15 |    65 ||    83
       Tailslap          |     2 |     2 |    14 ||    18
Invok: Berserk           |     1 |     1 |     2 ||     4
       Brothers in Arms  |       |       |     1 ||     1
  Use: Potion            |       |       |     3 ||     3
  Eat: Bread ration      |       |       |     1 ||     1
Armor: Skin              |     1 |     3 |    16 ||    20
Dodge: Dodged            |     1 |     7 |    52 ||    60
Block: Other             |       |       |    12 ||    12
       Rpst.: Falchion   |     1 |     2 |    13 ||    16
